Map: Dusk Towers

Players

IIIIIIIIIIII

  • Race: Zerg Zerg
  • League: Master

Miszu - Winner!

  • Race: Terran Terran
  • League: Master

VOD

Have the link to the VOD?

Description

Time

  • Played on: Feb. 6, 2016, 2:46 p.m.
  • Length: 3:13
Show
View Real Time Build Order
Export as new Build Order

IIIIIIIIIIII Zerg 

Build Orders: Hatch First 

Get SALT Encoding   

  12  0:01  Drone  
  13  0:13  Overlord  
  13  0:18  Drone  
  14  0:32  Drone  
  14  0:33  Drone  
  14  0:35  Drone  
  17  0:55  Hatchery  
  16  0:58  Drone  
  16  0:59  Drone  
  18  1:13  Spawning Pool  
  18  1:16  Drone  
  18  1:19  Drone  
  18  1:22  Extractor  
  18  1:28  Drone  
  19  1:40  Overlord  
  19  2:00  Queen  
  21  2:01  Zergling x2, Spine Crawler  
  21  2:02  Zergling x2  
  21  2:05  Roach Warren  
  21  2:10  Zergling x2  
  18  2:46  Roach  
  18  2:49  Roach  
Show
View Real Time Build Order
Export as new Build Order

Miszu Terran - Winner!

Build Orders:  

Get SALT Encoding   

  12  0:01  SCV  
  13  0:13  SCV  
  14  0:19  Supply Depot  
  14  0:25  SCV  
  15  0:41  Barracks  
  15  0:52  Barracks  
  15  1:06  Barracks  
  15  1:30  Marine, Barracks  
  16  1:39  Marine  
  17  1:40  Supply Depot  
  17  1:48  Marine  
  18  1:56  Marine x2  
  20  2:06  Marine  
  21  2:14  Marine x2  
  23  2:16  Marine  
  24  2:30  Marine  
  24  2:32  Marine x2  
  24  2:34  Marine  
  27  2:48  Supply Depot, Marine  
  27  2:50  Marine x2  
Tags
 
Add a new tag
Caveats
  • Supply blocks, unpowered buildings, or Contaminate may cause inaccurate times.
  • Supply counts are checked every 10 seconds.